 Dungeon Crawl Stone Soup version 0.30-a0-755-g0b50240ab4 (webtiles) character file.

Game seed: 11803305562778494215

16 M4edhros the Charlatan (level 2, 0/18 HPs)
             Began as an Octopode Artificer on Feb 9, 2023.
             Slain by an adder (2 damage)
             ... on level 2 of the Dungeon.
             The game lasted 00:00:33 (1095 turns).

M4edhros the Charlatan (Octopode Artificer)         Turns: 1095, Time: 00:00:34

Health: 0/18       AC:  1    Str: 11    XL:     2   Next: 54%
Magic:  2/2        EV: 13    Int: 13    God:
Gold:   72         SH:  0    Dex: 12    Spells: 1/1 levels left

rFire   . . .      SeeInvis .    (no weapon)
rCold   . . .      Faith    .    (no shield)
rNeg    . . .      Spirit   .    (helmet restricted)
rPois   .          Reflect  .    (no amulet)
rElec   .          Harm     .    (no ring)
rCorr   .          Rampage  .    (no ring)
Will    .....                    (no ring)
Stlth   +++                      (no ring)
HPRegen 0.23/turn                (no ring)
MPRegen 0.08/turn                (no ring)
                                 (no ring)
                                 (no ring)

@: lethally poisoned (0 -> -3)
A: almost no armour, amphibious, 8 rings, camouflage 1, gelatinous body 1,
(nimble swimmer 1), tentacles
a: no special abilities


You were on level 2 of the Dungeon.
You visited 1 branch of the dungeon, and saw 2 of its levels.

You collected 72 gold pieces.

Inventory:

Wands
 b - a wand of flame (15) (quivered)
 c - a wand of charming (15)
 d - a wand of iceblast (5)
Scrolls
 a - a scroll of torment {unknown}
 f - a scroll of fog {unknown}
 g - 2 scrolls of identify {unknown}
 h - a scroll of brand weapon {unknown}
Potions
 e - a potion of cancellation
 i - a potion of lignification {unknown}


   Skills:
 - Level 1.0 Fighting
 - Level 2.3 Dodging
 - Level 1.3 Stealth
 + Level 4.2 Evocations


You had one spell level left.
You didn't know any spells.
Your spell library contained the following spells:

 Spells                   Type           Power      Damage    Failure   Level
 Sandblast                Erth           0%         2d4       30%         1
 Lesser Beckoning         Tloc           0%         N/A       43%         2
 Passwall                 Tmut/Erth      0%         N/A       43%         2
 Gell's Gravitas          Tloc           0%         N/A       67%         3
 Stone Arrow              Conj/Erth      0%         3d7       67%         3
 Teleport Other           Tloc           0%         N/A       67%         3


Dungeon Overview and Level Annotations

Branches:
Dungeon (2/15)

Altars:


Innate Abilities, Weirdness & Mutations

You cannot wear most types of armour.
You are amphibious.
You can wear up to eight rings at the same time.
Your skin changes colour to match your surroundings (Stealth+).
Your rubbery body absorbs attacks. (AC +1, EV +1)
((You are camouflaged when in or above water. (Stealth+)))
You have tentacles for arms and can constrict up to eight enemies at once.


Message History

No target in view!
No target in view!
An adder comes into view.
An adder is nearby!
An adder is nearby!
The adder bites you but does no damage. The adder barely misses you.
You miss the adder. Your grab misses the adder. Your squeeze misses the adder.
The adder misses you.
You tentacle-slap the adder. Your grab misses the adder.
The adder is moderately wounded.
The adder bites you.
You closely miss the adder. Your grab misses the adder.
The adder is moderately wounded.
The adder closely misses you.
You closely miss the adder. Your grab misses the adder.
The adder is moderately wounded.
The adder bites you. The adder closely misses you.
You closely miss the adder. Your grab misses the adder.
The adder is moderately wounded.
The adder completely misses you.
You tentacle-slap the adder. Your grab misses the adder.
The adder is heavily wounded.
The adder bites you.
You are poisoned.
The adder poisons you!
You miss the adder. Your grab misses the adder. Your squeeze misses the adder.
The adder is heavily wounded.
You feel sick. The adder bites you.
* * * LOW HITPOINT WARNING * * *
The adder bites you.
* * * LOW HITPOINT WARNING * * *
You are too injured to fight recklessly!
You are too injured to fight recklessly!
You are too injured to fight recklessly!
You are too injured to fight recklessly!
You are too injured to fight recklessly!
It was a potion of cancellation.
You feel magically purged.
* * * LOW HITPOINT WARNING * * *
You feel sick. The adder bites you.
You die...

#..##########
#........#
###.#####..
#......#
#...$..#
#......##
#.......###
#..........
#..@...####
#..S...#
#......#
########


You could see an adder.

Vanquished Creatures
  A dart slug (D:2)
  3 goblins (D:1)
  4 jackals (D:1)
  A quokka (D:1)
  2 ball pythons (D:1)
  A kobold (D:1)
  A rat (D:1)
13 creatures vanquished.

Notes
Turn   | Place    | Note
-------+----------+-------------------------------------------
     0 | D:1      | M4edhros the Octopode Artificer began the quest for the
                  | Orb.
     0 | D:1      | Reached XP level 1. HP: 13/13 MP: 1/1
   218 | D:1      | Reached XP level 2. HP: 18/18 MP: 2/2
   300 | D:1      | Reached skill level 4 in Evocations
  1095 | D:2      | Slain by an adder

Illustrated notes

Levels and vault maps discovered:
D:1:      lemuel_arrival_cross, layout_loops_ring, serial_forest,
          infiniplex_forest_split, infiniplex_forest_straight_2,
          infiniplex_forest_straight_2, infiniplex_forest_zigzag_2,
          infiniplex_forest_end_2, infiniplex_forest_clump_C,
          infiniplex_forest_clump_medium, infiniplex_forest_lined_corner,
          infiniplex_forest_lined_corner, serial_bayou_lagoon_b
D:2:      layout_rooms, uniq_terence, uniq_natasha

Skill      XL: |  1  2 |
---------------+-------+-----
Evocations     | 4 |  4.2
Fighting       | |  1.0
Dodging        | |  2.3
Stealth        | |  1.3

Action                     || total
---------------------------++-------
  Melee: Unarmed           ||    34
         Constrict         ||    12
         Tentacles         ||    10
    Use: Potion            ||     1
   Stab: Sleeping          ||     5
 Armour: Skin              ||     4
  Dodge: Dodged            ||    19

Table legend: (Time is in decaauts)
 A = Elapsed time spent in this place.
 B = Non-inter-level travel time spent in this place.
 C = Inter-level travel time spent in this place.
 D = Time resting spent in this place.
 E = Time spent auto-exploring this place.
 F = Levels seen in this place.
 G = Mean time per level.
                   A        B        C        D        E       F      G
               +--------+--------+--------+--------+--------+-----+--------+
         Total |   1094 |   1080 |     14 |      0 |    969 |   2 |  547.0 |
       Dungeon |   1094 |   1080 |     14 |      0 |    969 |   2 |  547.0 |
               +--------+--------+--------+--------+--------+-----+--------+

Top non-repeatable levels by time:
     D:1: 1055 daAuts
     D:2: 39 daAuts
